 Dungeon Crawl Stone Soup version 0.26-a0-1102-g347fe5baa7 (webtiles) character file.

Game seed: 9748759528994486660

91 ruwin the Skirmisher (level 4, 0/38 HPs)
             Began as a Ghoul Warper on Dec 15, 2020.
             Slain by a gnoll
             ... wielding a +0 spear
              (7 damage)
             ... on level 2 of the Dungeon.
             The game lasted 00:03:28 (1412 turns).

ruwin the Skirmisher (Ghoul Warper)                 Turns: 1412, Time: 00:03:28

Health: 0/38       AC:  3    Str: 15    XL:     4   Next: 57%
Magic:  5/5        EV: 12    Int:  8    God:
Gold:   35         SH:  0    Dex:  8    Spells: 4/6 levels left

rFire    . . .     SeeInvis .     - Unarmed
rCold    + . .     Faith    .   (no shield)
rNeg     + + +     Spirit   .   a - +0 leather armour
rPois    ∞         Reflect  .   (no helmet)
rElec    .         Harm     .   (no cloak)
rCorr    .         Rampage  .   (no gloves)
Will     .....                  (no boots)
Stlth    +.........             (no amulet)
HPRegen  0.00/turn              (no ring)
MPRegen  0.09/turn              (no ring)

@: no status effects
A: claws 1, cold resistance 1, negative energy resistance 3, inhibited
regeneration, torment resistance, unbreathing
a: no special abilities


You were on level 2 of the Dungeon.
You visited 1 branch of the dungeon, and saw 2 of its levels.

You collected 35 gold pieces.

Inventory:

Missiles
 d - 5 boomerangs of dispersal (quivered)
Armour
 a - a +0 leather armour (worn)
Scrolls
 c - a scroll of blinking
 e - a scroll of enchant armour {unknown}
 f - 3 scrolls of remove curse
Potions
 b - 3 potions of curing {unknown}
 g - a potion of haste {unknown}
 h - a potion of magic {unknown}


   Skills:
 + Level 3.1 Fighting
 - Level 0.8 Throwing
 + Level 2.0 Armour
 + Level 2.5 Dodging
 + Level 3.1 Unarmed Combat
 - Level 1.7 Spellcasting
 - Level 2.6 Translocations


You had 4 spell levels left.
You knew the following spells:

 Your Spells              Type           Power        Failure   Level
a - Blink                 Tloc           N/A          22%         2

Your spell library contained the following spells:

 Spells                   Type           Power        Failure   Level
 Gell's Gravitas          Tloc           #.........   41%         3
 Lesser Beckoning         Tloc           #.........   41%         3
 Teleport Other           Tloc           #.......     41%         3
 Passage of Golubria      Tloc           N/A          83%         4


Dungeon Overview and Level Annotations

Branches:
Dungeon (2/15)

Altars:


Innate Abilities, Weirdness & Mutations

You thrive by killing the living.
You are immune to poison.
You have sharp fingernails.
Your flesh is cold resistant. (rC+)
You are immune to negative energy. (rN+++)
You do not regenerate when monsters are visible.
You are immune to unholy pain and torment.
You can survive without breathing.


Message History

You claw the gnoll!
The gnoll is heavily wounded.
The gnoll hits you with a +0 halberd!
You are too injured to fight recklessly!
You are too injured to fight recklessly!
You are too injured to fight recklessly!
You are too injured to fight recklessly!
You scratch the gnoll.
The gnoll is almost dead.
You scratch the gnoll.
You kill the gnoll!
You feel better.
The gnoll hits you from afar with a +0 spear.
The gnoll closely misses you.
Things that are here:
a +0 halberd; a gnoll corpse You barely miss the gnoll.
The gnoll hits you with a +0 spear.
* * * LOW HITPOINT WARNING * * *
You scratch the gnoll but do no damage. The gnoll hits you with a +0 spear!
You die...

... .# #.# ### # .# #.#
..# ## .# #.# #.# ###
### ##. .# #.# #.# ....
....##.. .# #.# #.#
....# ........ .# #.#
####.####...... ........
.###.# #......@gg....#
........
.†...#####.##.####.....#
#...##.. .#####....#...#
....# ##.# ##. .#
#.###.#### .### #. ## .#
##.###.# # # #
.####...##.# #
......#....#########.# #
#####...##...........# #
##.######.######## #


You could see 2 gnolls.

Vanquished Creatures
  2 adders (D:2)
  2 gnolls
  2 worms (D:2)
  2 dart slugs (D:1)
  2 leopard geckos (D:1)
  A ball python (D:1)
  3 bats
  2 giant cockroaches
  5 goblins
  8 hobgoblins (D:1)
  11 frilled lizards (D:1)
  3 rats
43 creatures vanquished.

Vanquished Creatures (others)
  3 plants (D:1)
3 creatures vanquished.

Grand Total: 46 creatures vanquished

Notes
Turn   | Place    | Note
-------+----------+-------------------------------------------
     0 | D:1      | ruwin the Ghoul Warper began the quest for the Orb.
     0 | D:1      | Reached XP level 1. HP: 17/17 MP: 2/2
    15 | D:1      | Reached skill level 1 in Armour
    56 | D:1      | Reached XP level 2. HP: 25/25 MP: 3/3
   180 | D:1      | Learned a level 2 spell: Blink
   478 | D:1      | Reached XP level 3. HP: 29/30 MP: 4/4
  1100 | D:2      | Reached XP level 4. HP: 37/38 MP: 5/5
  1412 | D:2      | Slain by a gnoll

Illustrated notes

Levels and vault maps discovered:
D:1:      mrwooster_arrival_statue_2, layout_loops_ring, minmay_lizard_king
D:2:      layout_loops_ring, roderic_serpentine_path, st_stairs_12

Skill      XL: |  1  2  3  4 |
---------------+-------------+-----
Armour         | 1 2 |  2.0
Dodging        | 2 |  2.5
Fighting       | 3 |  3.1
Unarmed Combat | 3 |  3.1
Throwing       | |  0.8
Spellcasting   | |  1.7
Translocations | |  2.6

Action                   |  1- 3 |  4- 6 || total
-------------------------+-------+-------++-------
Melee: Unarmed           |   132 |    28 ||   160
       Punch             |     1 |       ||     1
  Use: Scroll            |     2 |       ||     2
Armor: Leather armour    |    29 |     6 ||    35
Dodge: Dodged            |    58 |    12 ||    70

Table legend: (Time is in decaauts)
 A = Elapsed time spent in this place.
 B = Non-inter-level travel time spent in this place.
 C = Inter-level travel time spent in this place.
 D = Time resting spent in this place.
 E = Time spent auto-exploring this place.
 F = Levels seen in this place.
 G = Mean time per level.
                   A        B        C        D        E       F      G
               +--------+--------+--------+--------+--------+-----+--------+
         Total |   1404 |   1399 |      5 |    159 |   1003 |   2 |  702.0 |
       Dungeon |   1404 |   1399 |      5 |    159 |   1003 |   2 |  702.0 |
               +--------+--------+--------+--------+--------+-----+--------+

Top non-repeatable levels by time:
     D:1: 919 daAuts
     D:2: 485 daAuts
